 Dungeon Crawl Stone Soup version 0.30-a0-964-gd452b5e7fa (webtiles) character file.

Game seed: 9517286481183500249

454 dialectric the Covert (level 6, -5/32 HPs)
             Began as a Spriggan Brigand on Mar 30, 2023.
             Slain by a sleepcap (11 damage)
             ... on level 4 of the Dungeon.
             The game lasted 00:05:53 (2751 turns).

dialectric the Covert (Spriggan Brigand)            Turns: 2751, Time: 00:05:54

Health: -5/32      AC:  3    Str:  7    XL:     6   Next: 76%
Magic:  7/7        EV:  4    Int: 13    God:
Gold:   76         SH:  0    Dex: 18    Spells: 5/5 levels left

rFire   . . .      SeeInvis +    a - +2 dagger
rCold   . . .      Faith    .    (no shield)
rNeg    . . .      Spirit   .    b - +0 robe
rPois   .          Reflect  .    (helmet restricted)
rElec   .          Rampage  .    c - +0 cloak
rCorr   .                        (gloves unavailable)
Will    +....                    (boots unavailable)
Stlth   +++++                    (no amulet)
HPRegen 0.25/turn                (no ring)
MPRegen 0.10/turn                (no ring)

@: sleeping, very quick
A: very small, no large weapons, unfitting armour, see invisible, speed 3
a: no special abilities


You were on level 4 of the Dungeon.
You visited 1 branch of the dungeon, and saw 4 of its levels.
You also visited: Sewer.

You collected 76 gold pieces.

Inventory:

Hand Weapons
 a - a +2 dagger (weapon)
Missiles
 d - 6 poisoned darts (quivered)
Armour
 b - a +0 robe (worn)
 c - a +0 cloak (worn)
 u - a +0 buckler
Jewellery
 p - an amulet of guardian spirit
Wands
 r - a wand of iceblast (6)
Scrolls
 e - a scroll of magic mapping {unknown}
 f - a scroll of fear
 h - 2 scrolls of vulnerability {unknown}
 i - 3 scrolls of blinking {unknown}
 j - a scroll of teleportation {unknown}
 m - a scroll of amnesia {unknown}
 n - a scroll of identify {unknown}
 q - a scroll of enchant armour {unknown}
Potions
 k - a potion of curing
 l - a potion of ambrosia {unknown}
 o - a potion of heal wounds {unknown}
 s - a potion of degeneration {unknown}
 t - a potion of cancellation {unknown}
 v - 2 potions of might {unknown}
 w - a potion of mutation {unknown}


   Skills:
 + Level 2.9 Fighting
 - Level 4.2 Short Blades
 - Level 2.0 Throwing
 - Level 2.0 Dodging
 + Level 10.2 Stealth


You had 5 spell levels left.
You didn't know any spells.
Your spell library contained the following spells:

 Spells                   Type           Power      Damage    Failure   Level
 Ozocubu's Armour         Ice            0%         N/A       67%         3
 Ozocubu's Refrigeration  Ice            0%         4d7       100%        7


Dungeon Overview and Level Annotations

Branches:
Dungeon (4/15)              Sewer (visited)
 Temple: D:4-7

Altars:
Makhleb


Innate Abilities, Weirdness & Mutations

You are very small and have problems with some larger weapons.
You are too small for most types of armour.
You have supernaturally acute eyesight. (SInv)
You cover ground extremely quickly. (Speed+++)


Message History

The sleepcap barely misses you.
You completely miss the sleepcap.
The sleepcap is severely damaged.
The sleepcap releases spores at you!
* * * LOW HITPOINT WARNING * * *
You hit the sleepcap.
You punch the sleepcap, but do no damage.
The sleepcap is severely damaged.
The sleepcap closely misses you.
You hit the sleepcap but do no damage.
The sleepcap is severely damaged.
The sleepcap completely misses you.
You feel better. The sleepcap completely misses you.
You hit the sleepcap.
The sleepcap is severely damaged.
You hit the sleepcap.
The sleepcap is almost destroyed.
The sleepcap completely misses you.
You hit the sleepcap but do no damage.
The sleepcap is almost destroyed.
The sleepcap misses you.
You hit the sleepcap but do no damage.
The sleepcap is almost destroyed.
You hit the sleepcap.
The sleepcap is almost destroyed.
The sleepcap closely misses you.
You hit the sleepcap but do no damage.
The sleepcap is almost destroyed.
The sleepcap releases spores at you.
You hit the sleepcap.
The sleepcap is almost destroyed.
The sleepcap misses you.
You hit the sleepcap but do no damage.
The sleepcap is almost destroyed.
The sleepcap releases spores at you.
* * * LOW HITPOINT WARNING * * *
You are engulfed in a cloud of soporific spores!
You fall asleep.
The sleepcap releases spores at you!
You die...

#.#..## #..# .......
#.#...###..###........
####.#.#.....)....# #####
#..#...#..........#
#......###..###....
#.....## #.$# ... #....##
##..## ..
#+###...####....# #
######..##....##@.##..#
#...............f........
#............#............
#............#............
#............#............
#............#?...........
#............#..........
#...##...##.####+####..?
######...##.##...###


You could see a sleepcap.

Vanquished Creatures
  2 bullfrogs (Sewer)
  3 gnolls
  17 adders
  4 river rats
  2 worms
  A dart slug (D:2)
  21 ball pythons
  5 bats (D:1)
  An endoplasm (D:2)
  7 giant cockroaches
  9 goblins
  4 hobgoblins
  8 jackals (D:2)
  6 quokkas
  2 frilled lizards
  3 kobolds
  23 rats (Sewer)
118 creatures vanquished.

Notes
Turn   | Place    | Note
-------+----------+-------------------------------------------
     0 | D:1      | dialectric the Spriggan Brigand began the quest for the
                  | Orb.
     0 | D:1      | Reached XP level 1. HP: 10/10 MP: 2/2
    38 | D:1      | Reached skill level 6 in Stealth
   147 | D:1      | Reached XP level 2. HP: 14/14 MP: 3/3
   545 | D:2      | Reached skill level 7 in Stealth
   545 | D:2      | Reached XP level 3. HP: 6/18 MP: 4/4
   745 | D:1      | Reached XP level 4. HP: 4/23 MP: 5/5
  1392 | D:3      | Reached skill level 8 in Stealth
  1453 | D:3      | Reached XP level 5. HP: 26/26 MP: 6/6
  1714 | D:3      | Found a burning altar of Makhleb.
  2018 | D:3      | Found a glowing drain.
  2022 | Sewer    | Entered a sewer
  2271 | Sewer    | Reached skill level 9 in Stealth
  2271 | Sewer    | Reached XP level 6. HP: 29/31 MP: 7/7
  2512 | Sewer    | Reached skill level 10 in Stealth
  2751 | D:4      | Slain by a sleepcap

Illustrated notes

Levels and vault maps discovered:
D:1:      scummos_arrival_simple_crosswalls, layout_loops_ring
D:2:      layout_rooms
D:3:      layout_rooms, marbit_many_paths, gup_sewer_entry_spiral,
          minmay_snake_closets
D:4:      layout_gridville, palyth_stone_intersect

Skill      XL: |  1  2  3  4  5  6 |
---------------+-------------------+-----
Stealth        | 6 7 8 9 10 | 10.2
Fighting       | 2 |  2.9
Dodging        | 2 |  2.0
Short Blades   | 3 4 |  4.2
Throwing       | |  2.0

Action                     |  1- 3 |  4- 6 || total
---------------------------+-------+-------++-------
  Melee: Dagger            |    81 |   284 ||   365
         Punch             |     2 |     2 ||     4
  Throw: Dart              |    14 |    20 ||    34
         Throwing net      |       |     1 ||     1
  Evoke: Wand              |       |     3 ||     3
    Use: Scroll            |       |     4 ||     4
         Potion            |       |     5 ||     5
   Stab: Sleeping          |    10 |    21 ||    31
         Distracted        |       |     1 ||     1
 Armour: Robe              |     8 |    36 ||    44
  Dodge: Dodged            |    58 |   234 ||   292

Table legend: (Time is in decaauts)
 A = Elapsed time spent in this place.
 B = Non-inter-level travel time spent in this place.
 C = Inter-level travel time spent in this place.
 D = Time resting spent in this place.
 E = Time spent auto-exploring this place.
 F = Levels seen in this place.
 G = Mean time per level.
                   A        B        C        D        E       F      G
               +--------+--------+--------+--------+--------+-----+--------+
         Total |   2052 |   2034 |     18 |    238 |    945 |   5 |  410.4 |
       Dungeon |   1591 |   1573 |     18 |    120 |    876 |   4 |  397.8 |
         Sewer |    461 |    461 |      0 |    117 |     69 |   1 |  461.0 |
               +--------+--------+--------+--------+--------+-----+--------+

Top non-repeatable levels by time:
     D:3: 642 daAuts
     D:1: 502 daAuts
   Sewer: 461 daAuts
     D:2: 370 daAuts
     D:4: 75 daAuts
